 Dungeon Crawl Stone Soup version 0.30.1-11-g7821555f0a (webtiles) character file.

Game seed: 15591259305083555839

13741 stodds the Basher (level 11, -9/102 HPs)
             Began as a Minotaur Berserker on Dec 10, 2023.
             Was a High Priest of Trog.
             Mangled by a death knight
             ... wielding a +3 glaive
              (19 damage)
             ... on level 11 of the Dungeon on Dec 11, 2023.
             The game lasted 01:10:10 (11417 turns).

stodds the Basher (Minotaur Berserker)             Turns: 11417, Time: 01:10:11

Health: -9/102     AC: 12    Str: 26    XL:     11   Next: 79%
Magic:  10/10      EV: 14    Int: 10    God:    Trog [*****.]
Gold:   541        SH:  0    Dex: 15    Spells: 10/10 levels left

rFire   + . .        K - +7 battleaxe of Bodily Harmony {heavy, rElec Int+3 Dex+3}
rCold   + + .        (shield currently unavailable)
rNeg    . . .        j - +3 leather armour of Indemnity {Rampage rPois Int+3 Dex+2}
rPois   +            (helmet restricted)
rElec   +            F - scarf {rC+ rF+}
rCorr   .            g - +1 pair of gloves
SInv    .            d - +1 pair of boots
Will    .....        z - amulet of regeneration
Stlth   ++           c - ring of protection from cold
HPRegen 1.17/turn    (no ring)
MPRegen 0.12/turn

%: rampage
@: on berserk cooldown, slowed, very slow
A: horns 2, retaliatory headbutt
a: Renounce Religion, Berserk, Trog's Hand, Brothers in Arms


You were on level 11 of the Dungeon.
You worshipped Trog.
Trog was extremely pleased with you.
You visited 2 branches of the dungeon, and saw 12 of its levels.

You collected 705 gold pieces.
You spent 164 gold pieces at shops.

Inventory:

Hand Weapons
 a - a +1 hand axe
 n - a +2 hammer of draining
 K - the +7 battleaxe of Bodily Harmony (weapon) {heavy, rElec Int+3 Dex+3}
   (You acquired it on level 9 of the Dungeon)

   Int:       It affects your intelligence (+3).
   Dex:       It affects your dexterity (+3).
   rElec:     It insulates you from electricity.
Missiles
 k - 5 boomerangs (quivered)
Armour
 b - a +0 animal skin
 d - a +1 pair of boots (worn)
 e - a +4 ring mail
 g - a +1 pair of gloves (worn)
 h - the +0 buckler of the Comet {rElec Slay+5}
   (You found it on level 2 of the Dungeon)

   Slay:      It affects your accuracy & damage with ranged weapons and melee
   (+5).
   rElec:     It insulates you from electricity.
 j - the +3 leather armour of Indemnity (worn) {Rampage rPois Int+3 Dex+2}
   (You found it on level 3 of the Dungeon)

   Int:       It affects your intelligence (+3).
   Dex:       It affects your dexterity (+2).
   rPois:     It protects you from poison.
   Rampage:   It bestows one free step when moving towards enemies.
 o - a +1 cloak
 r - a +2 helmet
 D - a +2 plate armour
 F - a scarf of resistance (worn)
Jewellery
 c - a ring of protection from cold (left hand)
 p - an amulet of the acrobat
 z - an amulet of regeneration (around neck)
Wands
 v - a wand of acid (12)
 x - a wand of charming (21)
 G - a wand of iceblast (8)
Scrolls
 m - 8 scrolls of identify
 u - 3 scrolls of fear
 y - 2 scrolls of teleportation
 A - 2 scrolls of enchant armour
 C - a scroll of magic mapping
 E - 5 scrolls of enchant weapon
Potions
 f - 3 potions of haste
 i - a potion of berserk rage
 l - 3 potions of lignification
 q - 3 potions of curing
 s - a potion of attraction
 w - a potion of ambrosia
 B - a potion of invisibility {unknown}
 H - a potion of flight
 I - a potion of resistance
 L - 2 potions of magic
Miscellaneous
 J - a piece from Xom's chessboard (15/15)


   Skills:
 + Level 11.4 Fighting
 + Level 9.7(12.4) Axes
 - Level 12.5(13.9) Maces & Flails
 - Level 0.3 Throwing
 + Level 10.0 Armour
 - Level 5.5 Dodging
 - Level 2.5 Stealth
 - Level 5.7 Shields


You had 10 spell levels left.
You didn't know any spells.
Your spell library was empty.

Dungeon Overview and Level Annotations

Branches:
Dungeon (11/15)            Temple (1/1) D:5            Lair (0/5) D:11
    Orc: D:9-12

Altars:
Ashenzari
Cheibriados
Dithmenos
Elyvilon
Fedhas
Gozag
Hepliaklqana
Kikubaaqudgha
Nemelex Xobeh
Okawaru
Qazlal
Ru
Sif Muna
Trog
Uskayaw
Vehumet
Wu Jian
Xom
Yredelemnul
Zin
The Shining One
Lugonu

Shops:
D:5 ?   D:10 =*([

Annotations:
D:4 1 runed translucent door
D:5 1 transporter
D:6 3 runed translucent doors, Glitchless's ghost, novice GrFi
D:9 2 transporters, 3 runed translucent doors, exclusion: statue, Wiggles's ghost, novice MiBe
D:10 3 runed translucent doors, Liamsmithers's ghost, journeyman DsGl; Okkudo's ghost, novice HOMo


Innate Abilities, Weirdness & Mutations

You have a pair of horns on your head.
You reflexively headbutt those who attack you in melee.


Message History

A centaur warrior comes into view.
The centaur warrior shouts!
The centaur warrior wields a +0 shortbow.
The centaur warrior shoots an arrow.
The arrow hits you!
The centaur warrior shoots an arrow.
The arrow closely misses you.
The centaur warrior shoots an arrow.
The arrow hits you!
The centaur warrior shoots an arrow.
The arrow closely misses you.
You hear a shout!
A death knight comes into view. It is wielding a +3 glaive.
The centaur warrior shoots an arrow.
The arrow hits you.
The centaur warrior shoots an arrow.
The arrow hits you.
The centaur warrior shoots an arrow.
The arrow hits you!
A red film seems to cover your vision as you go berserk!
You feel yourself moving faster!
You feel mighty!
The centaur warrior shoots an arrow.
The arrow hits you!
You feel a strong urge to attack something.
The centaur warrior shoots an arrow.
The arrow hits you!
The death knight hits you from afar with a +3 glaive!!
The centaur warrior unwields a +0 shortbow.
The centaur warrior hits you!
* * * LOW HITPOINT WARNING * * *
The centaur warrior closely misses you.
The death knight hits you from afar with a +3 glaive!
* * * LOW HITPOINT WARNING * * *
You feel your anger nearly subside.
You are no longer berserk.
You are exhausted.
You feel yourself slow down.
The centaur warrior completely misses you.
The centaur warrior misses you.
You slash the centaur warrior!
The centaur warrior is moderately wounded.
You slice the death knight!!
The centaur warrior hits you but does no damage.
The centaur warrior closely misses you.
The death knight calls down the wrath of Yredelemnul upon you.
You struggle to resist.
The centaur warrior hits you!
* * * LOW HITPOINT WARNING * * *
The centaur warrior misses you.
The death knight hits you with a +3 glaive!!
You die...

.........##..###.#.........##..#
........##..## ##..........#...#
.......##.)## ##.######..#...#
......##..## ##.....####...#
.....##..##. ### ##...........##
###.##..##..##[## .##............
...##..##:..8..[##..##..........<
....##.(##[##..##p.##............
.....##†.###..##@c##.............
......##..#..##..##.####.))......
+####..##...##..##..#...))..####.
......#.##.##..##...#.......# #.
......#..###..##.#..'.......####.
......'...#..##.....####.###.#.##
#####.'.....##..#.....>..# ##.#.#
....#.#..^..#...+........# #.#.##
....#.#.........#..#####.####.#.#


You could see a death knight and a centaur warrior.

Vanquished Creatures
  A hydra (D:11)
  Erica (D:8)
  Fannar (D:10)
  A boulder beetle (D:11)
  A tengu warrior (D:11)
  2 two-headed ogres
  Maggie (D:7)
  A komodo dragon (D:11)
  A meliai (D:11)
  3 trolls (D:11)
  2 wraiths
  A shadow (D:11)
  13 yaks
  8 vampire mosquitoes
  3 steam dragons
  2 acid dragons
  Duvessa (D:4)
  A water moccasin (D:7)
  An orc warrior (D:8)
  4 sky beasts
  A black bear (D:6)
  The ghost of Okkudo the Chopper, an amateur HOMo (D:4)
  3 centaurs
  An ogre (D:4)
  2 wolves (D:11)
  2 phantoms (D:6)
  3 kobold brigands
  6 bullfrogs
  A gnoll sergeant (D:8)
  4 necrophages (D:4)
  3 scorpions
  4 wights (D:7)
  Dowan (D:4)
  2 howler monkeys
  3 electric eels (D:11)
  A jelly (D:4)
  A centaur zombie (D:4)
  A gnoll bouda (D:9)
  Crazy Yiuf (D:2)
  6 orc priests
  7 hounds
  3 sleepcaps
  8 iguanas
  3 orc wizards
  2 hound zombies (D:4)
  10 gnolls
  13 adders
  A shadow imp (D:6)
  3 white imps (D:6)
  2 ufetubi
  2 worms (D:3)
  A dart slug (D:2)
  29 orcs
  9 ball pythons
  3 endoplasms
  3 giant cockroaches
  12 goblins
  4 hobgoblins
  16 kobolds
  3 quokkas
  4 bats
  2 frilled lizards
  3 rats
239 creatures vanquished.

Vanquished Creatures (others)
  A wizard (D:7)
  Prince Ribbit (D:7)
  An iguana (D:7)
  An orc wizard (D:7)
4 creatures vanquished.

Grand Total: 243 creatures vanquished

Notes
Turn   | Place    | Note
-------+----------+-------------------------------------------
     0 | D:1      | stodds the Minotaur Berserker began the quest for the Orb.
     0 | D:1      | Reached XP level 1. HP: 19/19 MP: 0/0
  1108 | D:2      | Reached XP level 2. HP: 25/27 MP: 1/1
  1194 | D:2      | Found a blossoming altar of Fedhas.
  1284 | D:2      | Identified the +0 buckler of the Comet {rElec Slay+5}
  1511 | D:2      | Reached XP level 3. HP: 31/33 MP: 2/2
  1832 | D:2      | Found a runed translucent door.
  1833 | D:2      | Noticed Crazy Yiuf
  1838 | D:2      | Killed Crazy Yiuf
  2058 | D:3      | Reached XP level 4. HP: 34/40 MP: 3/3
  2063 | D:3      | Found a glowing silver altar of Zin.
  2246 | D:3      | Reached skill level 5 in Axes
  2420 | D:3      | Identified the +3 leather armour of Indemnity {Rampage
                  | rPois Int+3 Dex+2}
  2508 | D:3      | Reached XP level 5. HP: 46/46 MP: 4/4
  2570 | D:3      | Reached ** piety under Trog
  2672 | D:3      | Reached skill level 1 in Maces & Flails
  2884 | D:3      | Found a sacrificial altar of Ru.
  3010 | D:4      | Noticed Duvessa
  3011 | D:4      | Noticed Dowan
  3019 | D:4      | Killed Dowan
  3020 | D:4      | Reached skill level 2 in Maces & Flails
  3027 | D:4      | Killed Duvessa
  3028 | D:4      | Reached skill level 3 in Maces & Flails
  3028 | D:4      | Reached XP level 6. HP: 53/53 MP: 5/5
  3109 | D:4      | Found a hazy altar of Hepliaklqana.
  3141 | D:4      | Reached skill level 4 in Maces & Flails
  3141 | D:4      | Reached skill level 1 in Stealth
  3141 | D:4      | Reached skill level 1 in Shields
  3231 | D:4      | Found a blossoming altar of Fedhas.
  3254 | D:4      | Found a runed translucent door.
  3265 | D:4      | Noticed Okkudo's ghost (amateur HOMo)
  3274 | D:4      | Killed Okkudo's ghost
  3275 | D:4      | Reached XP level 7. HP: 60/60 MP: 6/6
  3281 | D:4      | Reached skill level 5 in Maces & Flails
  3290 | D:4      | Found a runed translucent door.
  3359 | D:4      | Reached skill level 5 in Fighting
  3694 | D:4      | Reached skill level 6 in Maces & Flails
  4068 | D:4      | Reached XP level 8. HP: 64/68 MP: 7/7
  4080 | D:4      | Reached *** piety under Trog
  4081 | D:4      | Reached skill level 7 in Maces & Flails
  4201 | D:5      | Entered Level 5 of the Dungeon
  4677 | D:5      | Found Witarriu's Magic Scroll Shoppe.
  4683 | D:5      | Bought a scroll of enchant weapon for 82 gold pieces
  4683 | D:5      | Bought a scroll of magic mapping for 82 gold pieces
  4858 | D:5      | Found a sparkling altar of Nemelex Xobeh.
  4858 | D:5      | Found a transporter.
  4859 | D:5      | Noticed a troll
  4888 | D:5      | Found an opulent altar of Gozag.
  5061 | D:5      | Found a staircase to the Ecumenical Temple.
  5072 | Temple   | Entered the Ecumenical Temple
  5188 | D:5      | Found a shimmering altar of Xom.
  5197 | D:5      | Found a glowing golden altar of the Shining One.
  5268 | D:6      | Reached skill level 8 in Maces & Flails
  5268 | D:6      | Reached skill level 5 in Dodging
  5312 | D:6      | Found a runed translucent gate.
  5313 | D:6      | Found a runed translucent gate.
  5324 | D:6      | Noticed Glitchless's ghost (novice GrFi)
  5328 | D:6      | Found a runed translucent gate.
  5328 | D:6      | Identified the +0 chain mail "Buohat" {rF+ Str+2 Int+3
                  | Dex+3}
  5452 | D:6      | Reached skill level 9 in Maces & Flails
  5452 | D:6      | Reached skill level 5 in Armour
  5452 | D:6      | Reached XP level 9. HP: 60/77 MP: 8/8
  5788 | D:6      | Found an ornate altar of the Wu Jian Council.
  6075 | D:7      | Noticed Maggie
  6095 | D:7      | Killed Maggie
  6096 | D:7      | Reached skill level 10 in Maces & Flails
  6390 | D:7      | Found a bloodstained altar of Trog.
  6392 | D:7      | Noticed a wizard
  6396 | D:7      | Killed a wizard
  6461 | D:7      | Found a broken altar of Ashenzari.
  6694 | D:7      | Noticed Prince Ribbit
  6706 | D:7      | Reached skill level 11 in Maces & Flails
  6711 | D:7      | Killed Prince Ribbit
  7126 | D:8      | Reached **** piety under Trog
  7182 | D:8      | Noticed Erica
  7207 | D:8      | Killed Erica
  7208 | D:8      | Reached skill level 5 in Shields
  7208 | D:8      | Reached XP level 10. HP: 57/88 MP: 9/9
  7210 | D:8      | Reached skill level 12 in Maces & Flails
  7307 | D:8      | Found a shadowy altar of Dithmenos.
  7308 | D:8      | Found a hide-covered altar of Uskayaw.
  7310 | D:8      | Found a white marble altar of Elyvilon.
  7918 | D:9      | Found a transporter.
  7926 | D:9      | Found a transporter.
  7926 | D:9      | Found a transporter.
  7926 | D:9      | Found a transporter.
  8286 | D:9      | Found a radiant altar of Vehumet.
  8365 | D:9      | Found a runed translucent gate.
  8365 | D:9      | Found a runed translucent gate.
  8367 | D:9      | Found a runed translucent gate.
  8371 | D:9      | Noticed Wiggles's ghost (novice MiBe)
  8372 | D:9      | Noticed a nine-headed hydra
  9026 | D:9      | Identified a scroll of acquirement
  9026 | D:9      | Acquired the +7 battleaxe of Bodily Harmony {heavy, rElec
                  | Int+3 Dex+3}
  9133 | D:10     | Entered Level 10 of the Dungeon
  9133 | D:10     | Found Quochaschyg's General Store.
  9184 | D:10     | Found Ijikob's Antique Weapon Shop.
  9426 | D:10     | Found Hosusas's Armour Shoppe.
  9430 | D:10     | Found a flagged portal.
  9456 | D:10     | Noticed a two-headed ogre
  9457 | D:10     | Noticed Fannar
  9460 | D:10     | Killed a two-headed ogre
  9467 | D:10     | Killed Fannar
  9625 | D:10     | Found a runed translucent gate.
  9625 | D:10     | Found a runed translucent gate.
  9625 | D:10     | Found a runed translucent gate.
  9628 | D:10     | Noticed Okkudo's ghost (novice HOMo)
  9628 | D:10     | Noticed Liamsmithers's ghost (journeyman DsGl)
  9761 | D:10     | Reached XP level 11. HP: 82/97 MP: 10/10
  9796 | D:10     | Found Ipagryu's Jewellery Boutique.
 10271 | D:10     | Reached ***** piety under Trog
 10360 | D:11     | Reached skill level 10 in Fighting
 10618 | D:11     | Found a staircase to the Lair.
 10669 | D:11     | Noticed a boulder beetle
 10689 | D:11     | Noticed a tengu warrior
 10692 | D:11     | Noticed a two-headed ogre
 10694 | D:11     | Killed a tengu warrior
 10697 | D:11     | Killed a two-headed ogre
 10720 | D:11     | Killed a boulder beetle
 11094 | D:11     | Noticed a four-headed hydra
 11103 | D:11     | Killed an eight-headed hydra
 11164 | D:11     | Found the +3 crown of Dyrovepreva {rElec Int+2 SInv}
 11291 | D:11     | Reached skill level 10 in Armour
 11406 | D:11     | Noticed a centaur warrior
 11411 | D:11     | Noticed a death knight
 11417 | D:11     | Mangled by a death knight

Illustrated notes

Levels and vault maps discovered:
D:1:      heliophobic_arrival_henge, layout_basic
D:2:      layout_basic, basic_altar, minmay_tetromino_i4,
          uniq_crazy_yiuf_cottage
D:3:      layout_basic, nicolae_ru_path_of_blood,
          mainiacjoe_overflow_tiny_flanked
D:4:      layout_basic, fedhas_altar_decomposition,
          mainiacjoe_overflow_brackets, ebering_ghost_sewer_f,
          serial_bayou_lake_a, uniq_duvessa
D:5:      layout_loops_ring, grunt_nemelex_the_gamble,
          mainiacjoe_overflow_swirl, lemuel_doored_altar,
          minmay_temple_entry_fiery, serial_shops, shop
D:6:      layout_cave_pools, nzn_wu_jian_council_hall,
          biasface_ghost_orc_armoury, minivault_25
D:7:      layout_cave_pools, trog_wizard, nicolae_ashenzari_panopticon,
          uniq_prince_ribbit1, uniq_maggie
D:8:      layout_loops_ring, grunt_temple_overflow_open, uniq_erica
D:9:      layout_irregular_city, vehumet_statue, gammafunk_ghost_hydra_chop,
          nicolae_diode_intersection
D:10:     layout_loops_ring, enter_bailey_5, serial_shops, shop,
          nicolae_shop_waterfront, shop, nicolae_shop_tiny_waterfront,
          gammafunk_ghost_cemetery, uniq_fannar
D:11:     layout_irregular_city, erik_lair_island, minivault_24,
          minmay_diamond_spiral
Temple:   corrupted_temple

Skill      XL: |  1  2  3  4  5  6  7  8  9 10 11 |
---------------+----------------------------------+-----
Fighting       | 4 5 6 7 9 11 | 11.4
Axes           | 4 5 7 9 |  9.7
Armour         | 3 4 5 7 10 | 10.0
Dodging        | 3 4 5 |  5.5
Maces & Flails | 3 4 6 9 11 12 | 12.5
Stealth        | 1 2 |  2.5
Shields        | 1 3 5 |  5.7
Throwing       | |  0.3

Action                     |  1- 3 |  4- 6 |  7- 9 | 10-12 || total
---------------------------+-------+-------+-------+-------++-------
  Melee: Hand axe          |    44 |       |       |       ||    44
         Headbutt          |    13 |    13 |    54 |    35 ||   115
         Mace              |     4 |    89 |   247 |    48 ||   388
         Battleaxe         |       |       |       |    89 ||    89
  Throw: Boomerang         |       |     4 |       |       ||     4
 Invoke: Berserk           |       |     3 |     1 |     5 ||     9
         Trog's Hand       |       |       |     1 |       ||     1
    Use: Scroll            |    11 |     2 |     7 |     5 ||    25
         Potion            |     5 |     1 |     3 |     3 ||    12
   Stab: Sleeping          |       |       |     1 |     1 ||     2
 Armour: Ring mail         |    19 |     3 |       |       ||    22
         Leather armour    |       |    33 |   101 |    79 ||   213
  Dodge: Dodged            |    28 |    61 |   159 |   169 ||   417
  Block: Buckler           |     2 |    14 |    47 |     7 ||    70
